 Dungeon Crawl Stone Soup version 0.18.1-6-gd335043 (webtiles) character file.

207388 IcyTea the Warrior (level 17, -10/137 HPs)
             Began as a Minotaur Chaos Knight on May 15, 2016.
             Was the Champion of Okawaru.
             Mangled by an azure jelly (18 damage)
             ... on level 2 of the Pits of Slime.
             The game lasted 03:51:55 (43274 turns).

IcyTea the Warrior (Minotaur Chaos Knight)         Turns: 43274, Time: 03:51:57

Health: -10/137    AC: 29    Str: 23    XL:     17   Next: 60%
Magic:  23/23      EV:  9    Int:  9    God:    Okawaru [******]
Gold:   1779       SH:  0    Dex: 21    Spells: 5 memorised, 6 levels left

rFire  . . .     SeeInvis +     a - +11 morningstar "Eos" {elec, -Tele rElec SInv}
rCold  . . .     Gourm    .     P - +9 plate armour of Okawaru's Delight {rCorr Dex+2}
rNeg   + . .     Faith    .     F - +0 shield {reflect}
rPois  .         Spirit   .     y - +2 hat
rElec  +         Dismiss  .     q - +2 cloak {+Inv}
rCorr  +         Reflect  +     i - +2 pair of gloves {Str+3}
SustAt .         Harm     .     e - +2 pair of boots
MR     ++...     Rnd*Rage +     Y - amulet of Equivalence {RegenMP +Blink rN+ Dex+5}
Stlth  .......... NoTele   +    O - ring of protection from magic
                                B - +5 ring of dexterity

@: confused, corroded, very resistant to hostile enchantments, extremely
unstealthy
A: retaliatory headbutt, horns 2, rough black scales 1, slimy green scales 1,
berserk 1, clumsy 1, dopey 1, frail 2
a: Heroism, Finesse, Renounce Religion, Evoke Blink, Evoke Invisibility
}: 2/15 runes: decaying, gossamer


You were on level 2 of the Pits of Slime.
You worshipped Okawaru.
Okawaru was exalted by your worship.
You were hungry.

You visited 8 branches of the dungeon, and saw 36 of its levels.

You collected 2986 gold pieces.
You spent 962 gold pieces at shops.

Inventory:

Hand Weapons
 a - the +11 morningstar "Eos" (weapon) {elec, -Tele rElec SInv}
   (Okawaru gifted it to you on level 12 of the Dungeon)

   Occasionally, upon striking a foe, it will discharge some electrical energy
   and cause terrible harm.
   It insulates you from electricity.
   It lets you see invisible.
   It prevents most forms of teleportation.
 b - the +2 hand crossbow of Qiurgh {flame, rElec rPois rC++}
   (You bought it in a shop on level 2 of the Orcish Mines)

   It causes projectiles fired from it to burn those they strike, causing extra
   injury to most foes and up to half again as much damage against particularly
   susceptible opponents.
   It greatly protects you from cold.
   It insulates you from electricity.
   It protects you from poison.
 x - a +3 demon whip of draining
Missiles
 d - 8 javelins of penetration (quivered)
 n - 114 bolts
 K - a throwing net
 R - 7 exploding tomahawks
Armour
 e - a +2 pair of boots (worn)
 i - a +2 pair of gloves of strength (worn)
 q - a +2 cloak of invisibility (worn)
 y - a +2 hat (worn)
 F - a +0 shield of reflection (worn)
 I - a +4 chain mail of fire resistance
 P - the +9 plate armour of Okawaru's Delight (worn) {rCorr Dex+2}
   (Okawaru gifted it to you on level 4 of the Spider Nest)

   It affects your dexterity (+2).
   It protects you from acid and corrosion.
Jewellery
 m - an uncursed ring of positive energy
 B - a +5 ring of dexterity (left hand)
 O - a ring of protection from magic (right hand)
 Y - the amulet of Equivalence (around neck) {RegenMP +Blink rN+ Dex+5}
   (You found it on level 8 of the Lair of Beasts)

   [amulet of magic regeneration]

   It increases your magic regeneration.
   It affects your dexterity (+5).
   It protects you from negative energy.
   It lets you blink.
Wands
 D - a wand of disintegration (19/24)
 G - a wand of iceblast (6/15)
 N - a wand of lightning (3/15)
 U - a wand of acid (1/15)
Scrolls
 f - 7 scrolls of identify
 l - 2 scrolls of immolation
 p - 3 scrolls of remove curse
 r - 7 scrolls of teleportation
 s - 2 scrolls of blinking
 u - a scroll of torment
 w - a scroll of magic mapping
 E - 3 scrolls of fog
 H - a scroll of noise
 L - 2 scrolls of recharging
 Q - 2 scrolls of summoning
 T - a scroll of fear
Potions
 j - 3 potions of might
 o - 2 potions of magic
 z - a potion of haste
 A - 2 potions of flight
Miscellaneous
 v - an ornate deck of changes {drawn: 5}
 M - a phial of floods
 S - a plain deck of summoning {drawn: 2}
 V - a sack of spiders
Comestibles
 c - 11 bread rations
 g - 7 royal jellies
 h - 15 meat rations


   Skills:
 + Level 20.9 Fighting
 - Level 16.0 Maces & Flails
 - Level 10.0 Crossbows
 - Level 5.0 Throwing
 - Level 10.0 Armour
 - Level 4.0 Dodging
 - Level 3.1 Stealth
 - Level 14.0 Shields
 - Level 9.1 Invocations
 - Level 10.0 Evocations


You had 6 spell levels left.
You knew the following spells:

 Your Spells              Type           Power        Failure   Level  Hunger
a - Cause Fear            Hex            #.........   100%        4    #####..
b - Corona                Hex            #......      100%        1    ##.....
c - Apportation           Tloc           #.........   100%        1    ##.....
d - Swiftness             Chrm/Air       #.......     100%        2    ###....
e - Repel Missiles        Chrm/Air       #.....       100%        2    ###....


Dungeon Overview and Level Annotations

Branches:
Dungeon (13/15)            Temple (1/1) D:6            Lair (8/8) D:8
  Swamp (4/4) Lair:3       Spider (4/4) Lair:4        Slime (3/6) Lair:6
    Orc (2/2) D:12            Elf (1/3) Orc:2
 Vaults: D:13-14

Altars:
Ashenzari
Cheibriados
Dithmenos
Elyvilon
Fedhas
Gozag
Kikubaaqudgha
Makhleb
Nemelex Xobeh
Okawaru
Pakellas
Qazlal
Ru
Sif Muna
Trog
Vehumet
Xom
Yredelemnul
Zin
The Shining One
Jiyva

Shops:
D:5 (   D:7 [   D:8 *   D:9 [   D:12 *   Orc:1 :   Orc:2 *=*([

Annotations:
Lair:8 exclusion: oklob plant
Swamp:4 Peloso's ghost, adept MiFi


Innate Abilities, Weirdness & Mutations

You reflexively headbutt those who attack you in melee.
You have a pair of horns on your head.
You are partially covered in rough black scales (AC +4, Dex -1).
You are partially covered in slimy green scales (AC +2).
You tend to lose your temper in combat.
You are clumsy. (Dex -2)
You are dopey. (Int -2)
You are very frail (-20% HP).


Message History

The acid burns!
You resist.
* * * LOW HITPOINT WARNING * * *
The azure jelly closely misses you. You furiously retaliate!
You headbutt the azure jelly, but do no damage.
The azure jelly hits you but does no damage. x2
The azure jelly closely misses you.
Drink which item? (? for menu, Esc to quit)
You are confused.
You feel invigorated.
The acid blob hits you but does no damage.
The azure jelly barely misses you.
The azure jelly hits you but does no damage. x3
The acid blob hits you!
* * * LOW HITPOINT WARNING * * *
You are splashed with acid!
The acid corrodes you!
The acid burns!
You resist.
* * * LOW HITPOINT WARNING * * *
The azure jelly hits you.
* * * LOW HITPOINT WARNING * * *
The azure jelly freezes you!!
You die...

#...#....##.#....###
##...#.#.#...#..#..
##.........#.......
#....#...........#
##.....#..<.......##
#...........#......#
#..........#....>.###
##.##......J......#.## #
..#........@........#
#.........../J........#
#...##..#..<....#.#..## #
##.###.^..............#.##
#...#..............<.....#.
#.......................
##.#......#..............#.
#.......##....#....#....##
#.......#.#.##.....##..##


You could see an acid blob and an azure jelly.

Vanquished Creatures
  Arachne (Spider:1)
  2 acid blobs
  A thorn hunter (Swamp:4)
  Kirke (Spider:2)
  3 azure jellies
  Donald (Swamp:3)
  3 ghost moths
  2 emperor scorpions
  An orc warlord (D:12)
  2 spark wasps (Spider:4)
  6 dire elephants (Lair:8)
  A death ooze (Slime:3)
  A great orb of eyes (Slime:2)
  A fire dragon (Lair:2)
  Snorg (Lair:5)
  2 entropy weavers
  20 hydras
  The ghost of Ge0ff the Protected, a journeyman FoSk of Zin (Orc:2)
  4 ghost crabs
  2 death knights (D:13)
  An anaconda (Lair:8)
  The ghost of smzp the Spry, a journeyman FeBe of Trog (Swamp:1)
  5 alligators
  A dancing weapon (Orc:2)
  8 death yaks
  8 spriggans
  An orc high priest (Orc:2)
  A deep elf knight (Elf:1)
  A skeletal warrior (D:13)
  The ghost of Potsanchik the Basher, a novice OgCK of Xom (D:5)
  An unseen horror (D:12)
  9 swamp dragons
  2 shambling mangroves (Swamp:2)
  2 spriggan druids (Swamp:3)
  A phantasmal warrior (D:13)
  2 hill giants
  Pikel (D:9)
  4 orc knights
  9 orb spiders
  2 deep elf magi
  4 orc sorcerers
  19 wolf spiders
  4 moths of wrath
  An ugly thing (D:11)
  A shining eye (Slime:1)
  13 hornets
  3 griffons
  A cyclops (D:13)
  Maurice (D:8)
  2 centaur zombies
  16 elephants
  5 black mambas
  A torpor snail (Spider:1)
  3 rime drakes
  24 spiny frogs
  9 demonic crawlers
  8 komodo dragons
  A freezing wraith (D:13)
  6 trolls
  19 jumping spiders
  5 giant leeches
  A queen bee (D:9)
  A polar bear (Lair:5)
  Grinder (D:3)
  27 slime creatures
  2 two-headed ogres
  17 blink frogs
  4 bog bodies
  2 boulder beetles (Lair:8)
  52 redbacks
  3 wyverns
  3 wraiths (D:13)
  2 shadows
  Sigmund (D:3)
  22 tarantellas
  61 yaks
  A basilisk (Lair:7)
  4 hogs (Spider:2)
  Grum (Lair:1)
  A basilisk (shapeshifter) (D:13)
  A hungry ghost (D:8)
  6 golden eyes (Slime:2)
  18 vampire mosquitoes
  Eustachio (D:6)
  11 hippogriffs
  A warg (Orc:1)
  11 insubstantial wisps
  15 swamp worms
  A naga (Spider:3)
  A mottled dragon (D:10)
  15 porcupines
  A giant eyeball (Slime:3)
  26 orc warriors
  9 water moccasins
  14 swamp drakes
  3 eyes of draining
  4 ice beasts
  4 black bears
  7 sky beasts
  3 slaves (D:9)
  15 wasps
  7 ogres
  2 necrophages
  A phantom (D:11)
  8 wolves
  6 centaurs
  11 crocodiles
  2 big kobolds
  A gnoll sergeant (D:8)
  21 giant frogs
  A wyvern zombie (D:10)
  A water moccasin zombie (D:12)
  A wyvern skeleton (D:10)
  4 scorpions
  3 wights (D:10)
  13 killer bees (D:10)
  A vampire bat (Orc:2)
  6 electric eels
  8 howler monkeys
  A wasp zombie (D:5)
  5 crimson imps
  2 quasits
  A giant frog zombie (D:9)
  4 orc priests
  10 jellies
  8 hounds
  14 orc wizards
  A giant frog skeleton (D:4)
  Terence (D:2)
  Crazy Yiuf (D:7)
  11 iguanas
  12 worker ants
  A killer bee zombie (D:9)
  3 sheep (D:13)
  A hound zombie (D:11)
  A hound skeleton (D:6)
  A worker ant zombie (D:10)
  14 adders
  4 gnolls
  35 river rats
  3 shadow imps
  An adder skeleton (D:5)
  4 worms
  2 dart slugs
  5 giant geckos
  52 orcs
  16 bats
  9 giant cockroaches
  16 goblins
  13 hobgoblins
  4 jackals (D:11)
  19 kobolds
  6 quokkas
  A ball python (D:2)
  2 giant cockroach zombies
  2 giant gecko skeletons
  9 giant newts
  5 rats
  A fungus (Lair:8)
  4 plants
1038 creatures vanquished.

Vanquished Creatures (collateral kills)
  A hornet (Spider:4)
  Robin (D:3)
  A hobgoblin (D:3)
3 creatures vanquished.

Vanquished Creatures (others)
  A cyclops (D:13)
  2 humans (Spider:2)
  An orc warrior (Orc:1)
  A slave (D:9)
  3 bushes (Lair:8)
  48 fungi
  34 plants
90 creatures vanquished.

Grand Total: 1131 creatures vanquished

Notes
Turn   | Place    | Note
--------------------------------------------------------------
     0 | D:1      | IcyTea the Minotaur Chaos Knight began the quest for the Orb.
     0 | D:1      | Reached XP level 1. HP: 19/19 MP: 0/0
    26 | D:1      | XOM: divination: magic mapping
   185 | D:1      | XOM: divination: magic mapping
   205 | D:1      | Reached XP level 2. HP: 11/26 MP: 1/1
   261 | D:1      | XOM: harmless Hex miscast
   592 | D:1      | Reached skill level 5 in Maces & Flails
   894 | D:2      | Reached XP level 3. HP: 31/31 MP: 2/2
  1336 | D:2      | Noticed Terence
  1336 | D:2      | XOM: enchant monster (good)
  1341 | D:2      | XOM: potion effect (might)
  1349 | D:2      | Killed Terence
  1349 | D:2      | Reached XP level 4. HP: 39/39 MP: 3/3
  1639 | D:2      | XOM: mild Trmt miscast
  1933 | D:3      | Noticed Robin
  1985 | D:3      | Killed Robin
  2258 | D:3      | Noticed Sigmund
  2267 | D:3      | XOM: butterfly on damage
  2271 | D:3      | Killed Sigmund
  2271 | D:3      | Reached XP level 5. HP: 29/45 MP: 4/4
  2271 | D:3      | Reached XP level 6. HP: 33/51 MP: 5/5
  2281 | D:3      | XOM: harmless Ice miscast
  2474 | D:3      | Noticed Grinder
  2486 | D:3      | Paralysed by Grinder for 6 turns
  2490 | D:3      | XOM: potion effect (curing)
  2491 | D:3      | XOM: potion effect (heal wounds)
  2493 | D:3      | Killed Grinder
  2841 | D:3      | Reached XP level 7. HP: 57/57 MP: 6/6
  3198 | D:4      | XOM: harmless Tloc miscast
  3254 | D:4      | Reached skill level 10 in Maces & Flails
  3747 | D:5      | Entered Level 5 of the Dungeon
  3760 | D:5      | XOM: god gift: 12 stones
  3781 | D:5      | XOM: cast spell 'Spider Form'
  4059 | D:5      | XOM: torment (33/57 hp)
  4136 | D:5      | Noticed Potsanchik's ghost (novice OgCK)
  4239 | D:5      | XOM: 2-stop teleportation journey
  4246 | D:5      | XOM: smoke on damage
  4349 | D:5      | Found Raecw's Antique Weapon Emporium.
  4354 | D:5      | Reached XP level 8. HP: 41/64 MP: 7/7
  4575 | D:5      | Gained mutation: You are occasionally teleported next to monsters. [potion of mutation]
  4575 | D:5      | Gained mutation: You are partially covered in iridescent scales (AC +4). [potion of mutation]
  4575 | D:5      | Gained mutation: You are agile. (Dex +2) [potion of mutation]
  4576 | D:5      | Lost mutation: You are agile. (Dex +2) [potion of cure mutation]
  4576 | D:5      | Lost mutation: You are occasionally teleported next to monsters. [potion of cure mutation]
  4576 | D:5      | Lost mutation: You are partially covered in iridescent scales (AC +4). [potion of cure mutation]
  4621 | D:5      | XOM: scenery: 2 doors close
  4656 | D:5      | XOM: confuse monster(s)
  4665 | D:5      | Killed Potsanchik's ghost
  5058 | D:5      | Reached XP level 9. HP: 57/70 MP: 8/8
  5063 | D:5      | Gained mutation: You are partially covered in slimy green scales (AC +2). [mutagenic meat]
  5064 | D:5      | Gained mutation: You are agile. (Dex +2) [mutagenic meat]
  5065 | D:5      | Gained mutation: You have a pair of large horns on your head. [mutagenic meat]
  5066 | D:5      | Gained mutation: You are frail (-10% HP). [mutagenic meat]
  5238 | D:6      | Found a staircase to the Ecumenical Temple.
  5244 | Temple   | Entered the Ecumenical Temple
  5281 | Temple   | XOM: summons 1 hostile demon
  5284 | Temple   | Fell from the grace of Xom
  5284 | Temple   | Became a worshipper of Warmaster Okawaru
  5552 | D:6      | Found a blossoming altar of Fedhas.
  5657 | D:6      | Reached skill level 4 in Fighting
  5809 | D:6      | Noticed Eustachio
  5811 | D:6      | Killed Eustachio
  5811 | D:6      | Reached skill level 5 in Fighting
  6096 | D:7      | Found a radiant altar of Vehumet.
  6189 | D:7      | Noticed Crazy Yiuf
  6192 | D:7      | Killed Crazy Yiuf
  6229 | D:7      | XOM: stat loss: -2 Dex (11/13)
  6292 | D:7      | Reached skill level 6 in Fighting
  6365 | D:7      | Reached * piety under Okawaru
  6365 | D:7      | Reached skill level 1 in Invocations
  6525 | D:7      | Found Pigychiu's Antique Armour Boutique.
  6537 | D:7      | Bought a runed chain mail for 90 gold pieces
  7162 | D:8      | Reached skill level 1 in Evocations
  7207 | D:8      | Found Reazax's General Store.
  7219 | D:8      | Noticed a death yak
  7238 | D:8      | Killed a death yak
  7265 | D:8      | XOM: summons 3 hostile shadow creatures
  7387 | D:8      | Bought a +0 scale mail of poison resistance for 104 gold pieces
  7475 | D:7      | Reached ** piety under Okawaru
  7510 | D:8      | Reached XP level 10. HP: 72/75 MP: 12/12
  7594 | D:8      | Noticed Maurice
  7595 | D:8      | Found a staircase to the Lair.
  7604 | D:8      | Killed Maurice
  7604 | D:8      | Reached skill level 5 in Evocations
  8026 | D:9      | Noticed Pikel
  8068 | D:9      | Killed Pikel
  8091 | D:9      | XOM: summons 7 hostile demons
  8372 | D:9      | Learned a level 4 spell: Cause Fear
  8434 | D:9      | Found Pecieh's Armour Boutique.
  8533 | D:9      | Reached skill level 7 in Fighting
  8585 | D:9      | Reached *** piety under Okawaru
  8663 | D:7      | XOM: mild Chrm miscast
  8716 | D:8      | Bought a wand of iceblast (12/15) for 208 gold pieces
  8742 | D:9      | Found a stormy altar of Qazlal.
  8985 | D:9      | Reached skill level 8 in Fighting
  9082 | D:9      | XOM: medium Pois miscast
  9103 | D:9      | XOM: noise
  9258 | D:10     | Entered Level 10 of the Dungeon
  9482 | D:9      | Reached skill level 9 in Fighting
  9555 | D:9      | XOM: medium Ice miscast
  9619 | D:9      | XOM: medium Hex miscast
  9659 | D:9      | XOM: noise
  9922 | D:9      | Reached skill level 5 in Armour
 10327 | D:10     | XOM: harmless Chrm miscast
 10333 | D:10     | Reached **** piety under Okawaru
 10468 | D:10     | Reached XP level 11. HP: 80/87 MP: 15/15
 10563 | D:10     | Identified a scroll of acquirement
 10725 | D:10     | Reached skill level 1 in Throwing
 10916 | D:10     | Noticed a hill giant
 10922 | D:10     | Killed a hill giant
 10922 | D:10     | Reached ***** piety under Okawaru
 10948 | D:10     | XOM: 7-stop teleportation journey
 11296 | D:10     | Reached skill level 5 in Throwing
 11346 | D:10     | XOM: mild Air miscast
 11559 | D:11     | Got a fine battleaxe
 11560 | D:11     | Identified the cursed +0 battleaxe "Giantslayer" {venom, Dex+4} (You found it on level 11 of the Dungeon)
 11649 | D:11     | XOM: medium Trmt miscast
 11990 | D:11     | XOM: give mutation
 11990 | D:11     | Gained mutation: You are very frail (-20% HP). [Xom's mischief]
 12188 | D:11     | Noticed a brown ugly thing
 12205 | D:11     | Killed a brown ugly thing
 12822 | D:12     | Reached skill level 10 in Fighting
 12978 | D:12     | Gained mutation: You are partially covered in rough black scales (AC +4, Dex -1). [potion of mutation]
 12978 | D:12     | Gained mutation: You are dopey. (Int -2) [potion of mutation]
 13196 | D:12     | XOM: medium Trmt miscast
 13249 | D:12     | Found Fiabbuv's Assorted Antiques.
 13254 | D:12     | Bought 3 scrolls labeled TET AD QUXTA for 69 gold pieces
 13301 | D:12     | Noticed a hill giant
 13309 | D:12     | Noticed an unseen horror
 13312 | D:12     | Killed an unseen horror
 13312 | D:12     | Reached skill level 11 in Fighting
 13631 | D:12     | Found a staircase to the Orcish Mines.
 13798 | D:12     | XOM: mild Hex miscast
 13839 | D:12     | Received a gift from Okawaru
 14114 | Orc:1    | Entered Level 1 of the Orcish Mines
 14205 | Orc:2    | Entered Level 2 of the Orcish Mines
 14205 | Orc:2    | Found Siamiyd's Antique Armour Boutique.
 14205 | Orc:2    | Noticed an orc sorcerer
 14205 | Orc:2    | Noticed an orc knight
 14205 | Orc:2    | Noticed an orc sorcerer
 14205 | Orc:2    | Noticed an orc warlord
 14207 | Orc:2    | Noticed Ge0ff's ghost (journeyman FoSk)
 14256 | D:12     | Killed a hill giant
 14256 | D:12     | Received a gift from Okawaru
 14256 | D:12     | Reached skill level 5 in Invocations
 14256 | D:12     | Reached XP level 12. HP: 76/88 MP: 16/16
 14344 | Lair:1   | XOM: noise
 14344 | Lair:1   | Entered Level 1 of the Lair of Beasts
 14493 | Lair:1   | XOM: give mutations
 14493 | Lair:1   | Lost mutation: You are agile. (Dex +2) [Xom's mischief]
 14493 | Lair:1   | Lost mutation: You have a pair of large horns on your head. [Xom's mischief]
 14493 | Lair:1   | Was forgiven by Xom
 14951 | Lair:1   | Noticed Grum
 15111 | Lair:1   | Killed Grum
 15910 | Lair:2   | Reached skill level 15 in Maces & Flails
 16015 | Lair:2   | Noticed a fire dragon
 16041 | Lair:2   | Killed a fire dragon
 16319 | Lair:2   | Noticed a five-headed hydra
 16325 | Lair:2   | Killed a five-headed hydra
 16672 | Lair:2   | Reached ****** piety under Okawaru
 16951 | Lair:3   | Received a gift from Okawaru
 16956 | Lair:3   | Got a crystal great mace {god gift}
 16958 | Lair:3   | Identified the +4 great mace "Ureife Ehi" {crush, Str+7} (Okawaru gifted it to you on level 3 of the Lair of Beasts)
 16969 | Lair:3   | Reached skill level 12 in Fighting
 17262 | Lair:3   | Found a staircase to the Swamp.
 17320 | Lair:3   | Reached skill level 13 in Fighting
 17495 | Swamp:1  | Entered Level 1 of the Swamp
 17495 | Swamp:1  | Noticed smzp's ghost (journeyman FeBe)
 18131 | Lair:4   | Reached XP level 13. HP: 90/98 MP: 17/17
 18169 | Lair:4   | Reached skill level 14 in Fighting
 18179 | Lair:4   | Reached skill level 1 in Stealth
 18182 | Lair:4   | Received a gift from Okawaru
 18579 | Lair:4   | Found a hole to the Spider Nest.
 18593 | Spider:1 | Entered Level 1 of the Spider Nest
 19195 | Lair:5   | Learned a level 1 spell: Corona
 19197 | Lair:5   | Learned a level 1 spell: Apportation
 19213 | Lair:5   | Noticed Snorg
 19224 | Lair:5   | Killed Snorg
 19919 | Lair:5   | Reached skill level 15 in Fighting
 20005 | Lair:6   | Found a viscous altar of Jiyva.
 20005 | Lair:6   | Found a staircase to the Slime Pits.
 20198 | Lair:6   | Reached skill level 1 in Shields
 21334 | Lair:7   | Reached skill level 5 in Shields
 21484 | Lair:7   | Got a pair of slimy boots
 21495 | Lair:7   | Identified the +0 pair of boots of an ossuary {rC- Int+4 Stlth+} (You acquired it on level 7 of the Lair of Beasts)
 21811 | Lair:7   | Received a gift from Okawaru
 22044 | Lair:7   | Reached skill level 16 in Fighting
 22713 | Lair:8   | Entered Level 8 of the Lair of Beasts
 22820 | Lair:8   | Reached XP level 14. HP: 101/110 MP: 18/18
 23341 | Lair:8   | Reached skill level 17 in Fighting
 24320 | Lair:8   | Reached skill level 18 in Fighting
 24329 | Lair:8   | Received a gift from Okawaru
 24343 | Lair:8   | Received a gift from Okawaru
 24626 | Lair:8   | Got a slimy silver amulet
 24633 | Lair:8   | Identified the amulet of Equivalence {RegenMP +Blink rN+ Dex+5} (You found it on level 8 of the Lair of Beasts)
 25634 | Swamp:1  | Received a gift from Okawaru
 25787 | Swamp:1  | Killed smzp's ghost
 27067 | Swamp:1  | Reached skill level 10 in Evocations
 27642 | Swamp:2  | Reached XP level 15. HP: 84/120 MP: 21/21
 28263 | Swamp:2  | Reached skill level 10 in Armour
 28854 | Swamp:3  | Noticed Donald
 28876 | Swamp:3  | Killed Donald
 28876 | Swamp:3  | Received a gift from Okawaru
 28884 | Swamp:3  | Reached skill level 19 in Fighting
 29610 | Swamp:2  | Received a gift from Okawaru
 30204 | Swamp:4  | Entered Level 4 of the Swamp
 30208 | Swamp:4  | Noticed Peloso's ghost (adept MiFi)
 30726 | Swamp:4  | Received a gift from Okawaru
 31008 | Swamp:4  | Reached skill level 10 in Shields
 31652 | Swamp:4  | Learned a level 2 spell: Swiftness
 31655 | Swamp:4  | Learned a level 2 spell: Repel Missiles
 32022 | Swamp:4  | HP: 6/121 [poison (poison gas)]
 32027 | Swamp:4  | HP: 3/121 [poison (poison gas)]
 32032 | Swamp:4  | HP: 1/121 [poison (poison gas)]
 32037 | Swamp:4  | HP: 1/121 [poison (poison gas)]
 32044 | Swamp:4  | HP: 1/121 [poison (poison gas)]
 32051 | Swamp:4  | HP: 2/121 [poison (poison gas)]
 32498 | Swamp:4  | Noticed a thorn hunter
 32513 | Swamp:4  | Killed a thorn hunter
 32608 | Swamp:4  | Got a decaying rune of Zot
 33117 | D:9      | Gained mutation: You regenerate slowly when monsters are visible. [mutagenic meat]
 33240 | D:12     | Killed an orc warlord
 33240 | D:12     | Reached XP level 16. HP: 74/128 MP: 20/22
 33526 | Orc:2    | Killed Ge0ff's ghost
 33729 | Orc:2    | Found a staircase to the Elven Halls.
 33739 | Orc:2    | Found Facy's General Store.
 33745 | Orc:1    | Received a gift from Okawaru
 34064 | Orc:2    | Bought a potion of might for 56 gold pieces
 34114 | Orc:2    | Found a bloodstained altar of Trog.
 34163 | Orc:1    | Found Towunilo's Book Shop.
 34397 | Orc:2    | Found Nigenger's General Store.
 34405 | Orc:2    | Bought a potion of curing for 45 gold pieces
 34433 | Orc:2    | Found Senetough's Jewellery Shop.
 34650 | Orc:2    | Found Nehadyng's Antique Weapon Emporium.
 34669 | Orc:1    | Reached skill level 20 in Fighting
 34769 | Orc:2    | Bought a runed arbalest for 135 gold pieces
 34867 | Elf:1    | Entered Level 1 of the Elven Halls
 34882 | Orc:2    | Reached skill level 1 in Crossbows
 34954 | Elf:1    | Lost mutation: You regenerate slowly when monsters are visible. [potion of beneficial mutation]
 35343 | D:13     | Reached skill level 5 in Crossbows
 35492 | Orc:2    | Bought an encrusted hand crossbow for 255 gold pieces
 35493 | Orc:2    | Identified the cursed +2 hand crossbow of Qiurgh {flame, rElec rPois rC++} (You bought it in a shop on level 2 of the Orcish Mines)
 36160 | Spider:1 | Received a gift from Okawaru
 37153 | Spider:2 | Noticed Arachne
 37186 | Spider:1 | Killed Arachne
 38232 | Spider:1 | Received a gift from Okawaru
 38489 | Spider:1 | Reached skill level 10 in Crossbows
 39148 | Spider:2 | Noticed Kirke
 39170 | Spider:2 | Killed Kirke
 39536 | Spider:4 | Entered Level 4 of the Spider Nest
 39547 | Spider:3 | Reached XP level 17. HP: 110/136 MP: 23/23
 40229 | Spider:4 | Received a gift from Okawaru
 40232 | Spider:4 | Got a transparent plate armour {god gift}
 40405 | Spider:4 | Identified the +9 plate armour of Okawaru's Delight {rCorr Dex+2} (Okawaru gifted it to you on level 4 of the Spider Nest)
 40806 | Spider:3 | Hired Saoxefod the naga for 170 gold.
 40817 | Spider:3 | Your ally Saoxefod died
 41739 | Spider:4 | Got a gossamer rune of Zot
 42114 | Slime:1  | Entered Level 1 of the Pits of Slime
 42116 | Slime:1  | Gained mutation: You tend to lose your temper in combat. [a shining eye]
 42118 | Slime:1  | Gained mutation: You are clumsy. (Dex -2) [a shining eye]
 42226 | Slime:1  | Noticed an acid blob
 42236 | Slime:1  | Killed an acid blob
 42541 | Slime:1  | Noticed an acid blob
 42547 | Slime:2  | Killed an acid blob
 42781 | Slime:3  | Paralysed by a giant eyeball for 2 turns
 43033 | Slime:3  | Noticed an acid blob
 43274 | Slime:2  | Mangled by an azure jelly

Skill      XL: |  1  2  3  4  5  6  7  8  9 10 11 12 13 14 15 16 17 |
---------------+----------------------------------------------------+-----
Maces & Flails | 4 5 6 8 9 11 13 14 16 | 16.0
Fighting       | 6 9 11 13 16 18 19 20 | 20.9
Invocations    | 4 5 6 8 9 |  9.1
Evocations     | 4 7 10 | 10.0
Armour         | 6 7 8 9 10 | 10.0
Throwing       | 5 |  5.0
Dodging        | 4 |  4.0
Stealth        | 3 |  3.1
Shields        | 5 12 14 | 14.0
Crossbows      | 10 | 10.0

Action                   |  1- 3 |  4- 6 |  7- 9 | 10-12 | 13-15 | 16-18 || total
-------------------------+-------+-------+-------+-------+-------+-------++-------
Melee: Mace              |    55 |   101 |    65 |       |       |       ||   221
       Headbutt          |     3 |    11 |    49 |   139 |   211 |   151 ||   564
       Flail             |       |       |   229 |   590 |       |       ||   819
       Unarmed           |       |       |     8 |       |       |       ||     8
       Morningstar       |       |       |       |   234 |  1122 |   529 ||  1885
       Hand crossbow     |       |       |       |       |       |     1 ||     1
 Fire: Hand crossbow     |       |       |       |       |       |   483 ||   483
Throw: Javelin           |       |       |       |       |     2 |       ||     2
Invok: Heroism           |       |       |       |     2 |     3 |     1 ||     6
       Finesse           |       |       |       |       |     2 |     1 ||     3
 Abil: Evoke Blink       |       |       |       |       |       |     3 ||     3
Evoke: Wand              |       |       |       |     7 |    18 |    25 ||    50
       Deck              |       |       |       |       |     1 |     6 ||     7
       Phial of floods   |       |       |       |       |     1 |     1 ||     2
       Sack of spiders   |       |       |       |       |       |     1 ||     1
  Use: Potion            |     1 |     3 |     6 |     8 |     9 |     9 ||    36
       Scroll            |       |     6 |    10 |    15 |    17 |     9 ||    57
 Stab: Petrified         |     2 |       |       |       |       |       ||     2
       Confused          |       |       |     1 |       |       |       ||     1
       Sleeping          |       |       |     1 |       |       |       ||     1
  Eat: Chunk             |     1 |     5 |    17 |    44 |    35 |    18 ||   120
       Beef jerky        |       |       |     1 |     1 |     2 |     3 ||     7
       Pizza             |       |       |     1 |       |     3 |       ||     4
       Fruit             |       |       |       |     1 |       |    14 ||    15
       Royal jelly       |       |       |       |       |     1 |       ||     1
Armor: Leather armour    |    15 |    29 |    66 |       |       |       ||   110
       Skin              |       |    13 |     1 |       |       |       ||    14
       Chain mail        |       |       |    32 |   406 |   629 |   389 ||  1456
       Scale mail        |       |       |       |    17 |       |       ||    17
       Plate armour      |       |       |       |       |       |   432 ||   432
Dodge: Dodged            |    36 |    38 |   124 |   258 |   354 |   427 ||  1237
Block: Buckler           |       |       |       |       |   110 |       ||   110
       Shield            |       |       |       |       |   181 |   705 ||   886
       Reflection        |       |       |       |       |     1 |    10 ||    11
